 Dungeon Crawl Stone Soup version 0.20-a0-548-g4f8a798 (webtiles) character file.

95 Alarkh the Chopper (level 4, -2/35 HPs)
             Began as a Demonspawn Monk on Feb 1, 2017.
             Slain by a centaur (3 damage)
             ... on level 3 of the Dungeon.
             The game lasted 00:02:04 (2934 turns).

Alarkh the Chopper (Demonspawn Monk)                Turns: 2934, Time: 00:02:06

Health: -2/35      AC:  3    Str: 12    XL:     4   Next: 40%
Magic:  4/4        EV: 13    Int: 12    God:
Gold:   67         SH:  0    Dex: 15    Spells: 3/3 levels left

rFire    . . .     SeeInvis .   a - +0 hand axe
rCold    . . .     Gourm    .   b - +0 robe
rNeg     . . .     Faith    .   (no shield)
rPois    .         Spirit   .   (helmet restricted)
rElec    .         Reflect  .   h - +0 cloak
rCorr    .         Harm     .   (no gloves)
MR       .....                  (no boots)
Stlth    ++........             (no amulet)
Regen    0.2/turn               (no ring)
                                (no ring)

@: very slightly contaminated, invisible
A: horns 1
a: no special abilities


You were on level 3 of the Dungeon.
You were not hungry.

You visited 1 branch of the dungeon, and saw 3 of its levels.

You collected 67 gold pieces.

Inventory:

Hand Weapons
 a - a +0 hand axe (weapon)
Armour
 b - a +0 robe (worn)
 h - a +0 cloak (worn)
Scrolls
 d - a scroll of fear {unknown}
 i - 2 scrolls of identify {unknown}
 j - a scroll of teleportation {unknown}
 n - 2 scrolls of remove curse {unknown}
Potions
 e - a potion of invisibility
Comestibles
 c - 3 bread rations
 g - 2 fruits
 k - a royal jelly
 l - 10 chunks of flesh
 m - 2 meat rations


   Skills:
 - Level 3.0 Fighting
 + Level 4.7 Axes
 - Level 2.6 Dodging
 - Level 1.7 Stealth


You had 3 spell levels left.
You didn't know any spells.

Dungeon Overview and Level Annotations

Branches:
Dungeon (3/15)

Altars:


Innate Abilities, Weirdness & Mutations

You have a pair of small horns on your head.


Message History

You catch the helpless centaur completely off-guard!
You hit the centaur.
The centaur is lightly wounded.
The centaur unwields an uncursed shortbow.
The centaur closely misses you. The centaur barely misses you.
You closely miss the centaur. You headbutt the centaur.
The centaur is lightly wounded.
The centaur misses you.
You hit the centaur.
The centaur is moderately wounded.
The centaur hits you.
* * * LOW HITPOINT WARNING * * *
The centaur misses you.
You barely miss the centaur. You headbutt the centaur.
The centaur is severely wounded.
The centaur closely misses you. The centaur misses you.
You hit the centaur.
The centaur is almost dead.
The centaur hits you.
You die...

###.##.##############
....##.# ######.# #.#
#.# #.# ##.##
####...#################
#............#§@§§§....#
#.##...##.##.#c#######.#
# #.....#.##.#§#
.>.....##.#...c#####
#.###.###.#......c(# #.
#.# #.#....###.# # ..
..####.# #.# #+ ###
#....)....# #####c#####


You could see a centaur.

Vanquished Creatures
  3 adders (D:2)
  3 worms (D:2)
  A dart slug (D:1)
  2 leopard geckos
  4 orcs (D:3)
  A ball python (D:2)
  4 bats
  A giant cockroach (D:3)
  3 goblins
  7 hobgoblins
  3 jackals (D:2)
  5 kobolds
  2 quokkas (D:2)
  4 frilled lizards
  8 rats
51 creatures vanquished.

Vanquished Creatures (others)
  A hobgoblin (D:3)
1 creature vanquished.

Grand Total: 52 creatures vanquished

Notes
Turn   | Place    | Note
-------+----------+-------------------------------------------
     0 | D:1      | Alarkh the Demonspawn Monk began the quest for the Orb.
     0 | D:1      | Reached XP level 1. HP: 18/18 MP: 1/1
   139 | D:1      | Reached skill level 3 in Axes
   192 | D:1      | Gained mutation: You have a pair of small horns on your head. [demonic ancestry]
   192 | D:1      | Reached XP level 2. HP: 24/24 MP: 2/2
   710 | D:2      | Reached XP level 3. HP: 17/29 MP: 3/3
   954 | D:2      | Reached skill level 4 in Axes
  1771 | D:2      | Reached XP level 4. HP: 21/35 MP: 4/4
  2909 | D:3      | Noticed a centaur
  2917 | D:3      | HP: 1/35 [centaur (5)]
  2932 | D:3      | HP: 1/35 [centaur (1)]
  2934 | D:3      | Slain by a centaur

Vault maps used:
D:1:      dpeg_arrival_refuge

Skill      XL: |  1  2  3 |
---------------+----------+-----
Axes           | 3 4 |  4.7
Fighting       | |  3.0
Dodging        | |  2.6
Stealth        | |  1.7

Action                   |  1- 3 |  4- 6 || total
-------------------------+-------+-------++-------
Melee: Hand axe          |   114 |    59 ||   173
       Headbutt          |    18 |    11 ||    29
  Use: Scroll            |     1 |     1 ||     2
       Potion            |     2 |     2 ||     4
 Stab: Sleeping          |     6 |       ||     6
       Invisible         |     2 |     1 ||     3
  Eat: Chunk             |     3 |     3 ||     6
Armor: Robe              |    37 |    10 ||    47
Dodge: Dodged            |   104 |    36 ||   140
